 Dungeon Crawl Stone Soup version 0.27.1-33-g824d729ab1 (webtiles) character file.

Game seed: 10023009736598733825

302300 Kagerou the Slayer (level 21, -19/171 HPs)
             Began as a Djinni Fire Elementalist on Jan 1, 2022.
             Was the Champion of Makhleb.
             Killed from afar by an ironbound thunderhulk (53 damage)
             ... with a bolt of lightning
             ... on level 2 of the Vaults.
             The game lasted 03:16:28 (59905 turns).

Kagerou the Slayer (Djinni Fire Elementalist)      Turns: 59905, Time: 03:16:28

Health: -19/171    AC: 10    Str:  7    XL:     21   Next: 97%
Gold:   786        EV: 16    Int: 31    God:    Makhleb [******] SH: 19 Dex: 14

rFire    + + +     SeeInvis .   a - staff of conjuration
rCold    + . .     Faith    .   Y - +2 kite shield
rNeg     + + .     Spirit   .   N - +3 leather armour "Yneveny" {Will+}
rPois    ∞         Reflect  +   B - +2 helmet
rElec    .         Harm     .   p - scarf {rC+ rF+}
rCorr    .         Rampage  .   d - +0 pair of gloves
Will     ++++.                  (boots unavailable)
Stlth    ++++......             l - amulet of reflection
HPRegen  0.38/turn              D - ring "Ilehan" {rC+ rN++ Int+4}
MPRegen  0.00/turn              M - ring of willpower

@: about to teleport, frozen, flying, very slightly contaminated, very slow
A: sickness immunity, fire resistance 2, cold vulnerability 1, float, innate
caster, hp casting, extra vitality 1
}: 2/15 runes: decaying, gossamer
a: Renounce Religion, Minor Destruction, Lesser Servant of Makhleb, Major
Destruction, Greater Servant of Makhleb


You were on level 2 of the Vaults.
You worshipped Makhleb.
Makhleb was exalted by your worship.
You visited 7 branches of the dungeon, and saw 34 of its levels.
You also visited: Sewer and Ice Cave.

You collected 4050 gold pieces.
You spent 3264 gold pieces at shops.

Inventory:

Hand Weapons
 b - a +2 demon whip of electrocution
Missiles
 h - 228 stones
 A - 53 boomerangs
 R - 3 throwing nets
Armour
 d - a +0 pair of gloves (worn)
 e - a +2 scale mail of cold resistance
 n - a +0 buckler
 p - a scarf of resistance (worn)
 B - a +2 helmet (worn)
 N - the +3 leather armour "Yneveny" (worn) {Will+}
   (You found it on level 8 of the Dungeon)

   Will:      It increases your willpower.
 W - the -3 cloak "Mah Tum" {Fly rElec Slay-2}
   (You found it on level 3 of the Lair of Beasts)

   Slay:      It affects your accuracy & damage with ranged weapons and melee
   (-2).
   rElec:     It insulates you from electricity.
   Fly:       It grants you flight.
 Y - a +2 kite shield (worn)
Magical Staves
 a - a staff of conjuration (weapon)
Jewellery
 c - a ring of resist corrosion
 l - an amulet of reflection (around neck)
 u - a ring of fire
 y - a +4 ring of evasion
 C - a +4 ring of evasion
 D - the ring "Ilehan" (left hand) {rC+ rN++ Int+4}
   (You bought it in a shop on level 2 of the Orcish Mines)

   [ring of protection from cold]

   Int:       It affects your intelligence (+4).
   rC:        It protects you from cold.
   rN:        It greatly protects you from negative energy.
 M - a ring of willpower (right hand)
Wands
 v - a wand of iceblast (44)
 F - a wand of polymorph (22)
 G - a wand of mindburst (36)
 Q - a wand of acid (26)
 T - a wand of paralysis (21)
 V - a wand of charming (23)
 X - a wand of digging (2)
 Z - a wand of flame (64)
Scrolls
 g - 2 scrolls of fear
 m - 3 scrolls of enchant armour
 s - 4 scrolls of vulnerability
 w - 5 scrolls of teleportation
 E - 6 scrolls of fog
 I - 2 scrolls of holy word
 K - 3 scrolls of magic mapping
 L - 2 scrolls of blinking
 O - 3 scrolls of summoning
 P - 5 scrolls of enchant weapon
Potions
 f - 4 potions of invisibility
 i - 10 potions of ambrosia
 j - 6 potions of curing
 o - 2 potions of haste
 q - 8 potions of might
 r - 8 potions of heal wounds
 t - 3 potions of mutation
 z - 3 potions of berserk rage
 H - 9 potions of brilliance
 J - a potion of resistance
 S - 2 potions of cancellation
Miscellaneous
 k - a lightning rod (4/4)
 x - a tin of tremorstones (2/2)
 U - a phantom mirror


   Skills:
 - Level 21.1 Fighting
 - Level 12.0 Dodging
 - Level 10.0 Stealth
 * Level 13.4 Shields
 - Level 16.0 Spellcasting
 - Level 8.0 Evocations


You couldn't memorise any spells.
You knew the following spells:

 Your Spells              Type           Power      Damage    Failure   Level
a - Foxfire               Conj/Fire      100%       2x1d9     0%          1
b - Lesser Beckoning      Tloc           45%        N/A       0%          3
c - Conjure Flame         Conj/Fire      100%       6-21      0%          3
d - Static Discharge      Conj/Air       100%       N/A       0%          2
f - Fireball              Conj/Fire      56%        3d22      1%          5
h - Summon Hydra          Summ           45%        N/A       3%          7
i - Inner Flame           Hex/Fire       90%        N/A       0%          3
l - Lee's Rapid Deconstr  Erth           45%        3d23*     1%          5
o - Olgreb's Toxic Radia  Pois           90%        N/A       1%          4
p - Pain                  Necr           100%       1d9       0%          1
s - Sticky Flame          Conj/Fire      100%       2d11      1%          4
B - Conjure Ball Lightni  Conj/Air       56%        3x3d20    1%          6
D - Discord               Hex            45%        N/A       28%         8
L - Lightning Bolt        Conj/Air       56%        1d78      1%          5
S - Starburst             Conj/Fire      56%        6d15      1%          6
Your spell library was empty.

Dungeon Overview and Level Annotations

Branches:
Dungeon (15/15)            Temple (1/1) D:7            Lair (6/6) D:9
  Swamp (4/4) Lair:3       Spider (4/4) Lair:2        Slime (0/5) Lair:6
    Orc (2/2) D:11            Elf (0/3) Orc:2        Vaults (2/5) D:14
 Depths (0/5) D:15          Sewer (visited)           IceCv (visited)
  Crypt: Vaults:2-3

Altars:
Ashenzari
Cheibriados
Dithmenos
Elyvilon
Fedhas
Gozag
Hepliaklqana
Kikubaaqudgha
Makhleb
Nemelex Xobeh
Okawaru
Qazlal
Ru
Sif Muna
Trog
Uskayaw
Vehumet
Wu Jian
Xom
Yredelemnul
Zin
The Shining One
Beogh
Jiyva

Shops:
D:1 (   D:3 :   D:4 [   D:5 (   D:6 ?   Orc:2 (=!?   Vaults:1 ?

Portals:
Pandemonium: Orc:2
Trove: D:14 (give 15 potions of curing)

Annotations:
D:11 exclusion: downstairs
D:14 Saint Roka!, Roxanne; Saint Roka
Spider:1 3 runed translucent doors, Qiriluif's ghost, adept KoBe
Vaults:1 exclusion: downstairs
Vaults:2 exclusion: upstairs


Innate Abilities, Weirdness & Mutations

You are immune to sickness and miasma.
You are immune to poison.
Your flesh is very heat resistant. (rF++)
You are vulnerable to cold. (rC-)
You float through the air rather than walking.
You learn spells naturally, not from books.
Your magical power is your life essence.
You have superior vitality. (+4 HP)


Message History

Nothing appears to happen.
Electricity crackles from the ironbound thunderhulk's apparatus.
The bolt of lightning hits you!!!
* * * LOW HITPOINT WARNING * * *
A slime creature comes into view.
The vault warden activates a sealing rune.
The vault guard closely misses you.
Okay, then.
Unknown command.
Okay, then.
Unknown command.
Unknown command.
Press: ? - help, v - describe, . - travel
Here: an ironbound thunderhulk, wielding a +0 dire flail and wearing a +0 ring mail The floor.
Okay, then.
Unknown command.
Casting: Discord (dangerous; 28% risk of failure)
Confirm with . or Enter, or press ? or * to list all spells.
Okay, then.
Aiming: Charm
Press: ? - help, Shift-Dir - straight line, f - vault warden
Aim: a vault warden, wielding a +0 vorpal great sword and wearing a +0 chain mail (chance to affect: 34%)
Okay, then.
Unknown command.
Unknown command.
Casting: Discord (dangerous; 28% risk of failure)
Confirm with . or Enter, or press ? or * to list all spells.
Okay, then.
As you read the scroll of teleportation, it crumbles to dust.
You feel strangely unstable.
The ironbound frostheart calls freezing cold from the walls.
The frost grips you! You partially resist.
* * * LOW HITPOINT WARNING * * *
You are encased in ice.
The vault warden activates a sealing rune.
You feel much better.
Electricity crackles from the ironbound thunderhulk's apparatus.
The bolt of lightning hits you!!!
You die...

#..........##.#
#..........##.#
#..........##.### # .
#..........##$#.## +#..
#..........####..## .....
#...########......##pO...#
#...#......#......ppp..J.+
#...#......+......##..J.)#
#...#......####@.## ...J.
#...#......##$#.## +#..
#...'...>..##.### # .
#...#......##.#
#...#......##.#
#...#########..
#..........##.O
#..........# #..........#


You could see a vault warden, an ironbound thunderhulk, 2 vault guards and an
ironbound frostheart.

Vanquished Creatures
  Sojobo (Vaults:1)
  Arachne (Spider:4)
  Asterion (Vaults:1)
  2 tentacled monstrosities (Swamp:4)
  3 thorn hunters
  2 tengu reavers (Vaults:2)
  Donald (Swamp:3)
  4 fenstrider witches (Swamp:4)
  5 ghost moths
  Aizul (Spider:2)
  6 vault wardens
  An orc warlord (Vaults:1)
  A reaper (Swamp:4)
  4 emperor scorpions
  5 very ugly things (Vaults:1)
  8 ironbound preservers
  5 ghouls
  3 dire elephants (Vaults:1)
  2 entropy weavers
  3 bunyips
  2 spark wasps (Spider:4)
  Snorg (Lair:3)
  An ettin (Vaults:1)
  A fire dragon (D:15)
  3 blizzard demons
  3 shambling mangroves (Swamp:4)
  4 eleionomae
  A great orb of eyes (Vaults:1)
  5 yaktaur captains
  Harold (Lair:1)
  22 hydras
  Erolcha (D:9)
  4 vault guards
  6 ironbound frosthearts
  An ogre mage (Swamp:4)
  5 centaur warriors
  6 boulder beetles
  A catoblepas (D:13)
  5 ghost crabs
  The ghost of Kaptain the Thaumaturge, a journeyman SpEE (D:9)
  2 ironbound thunderhulks
  5 two-headed ogres
  The ghost of MisterT the Slicer, a novice HOMo of Beogh (D:9)
  2 dancing weapons (D:14)
  4 alligators
  8 death scarabs (Spider:4)
  10 orc high priests (Orc:2)
  2 ironbound beastmasters (Vaults:1)
  A spriggan berserker (Swamp:4)
  The ghost of Kagerou the Frost Mage, a novice MfIE of Vehumet (Lair:1)
  3 soul eaters (Swamp:4)
  25 spriggans
  A shadow wraith (Vaults:1)
  A sixfirhy (Swamp:4)
  3 death drakes (Swamp:4)
  7 goliath frogs
  2 skeletal warriors (D:15)
  A glowing orange brain (Vaults:1)
  3 spriggan druids
  23 deep trolls
  An infernal demonspawn (Orc:2)
  7 bog bodies
  2 spectral wolf spiders (Spider:4)
  A flayed ghost (D:15)
  2 torturous demonspawn (Orc:2)
  6 deep elf pyromancers
  3 swamp dragons
  9 orc knights
  An obsidian statue (IceCv)
  7 wizards
  2 necromancers
  9 ironbound convokers
  26 wolf spiders
  7 orc sorcerers
  22 orb spiders
  24 ugly things
  5 manticores
  A wolf spider zombie (Spider:4)
  4 oklob plants
  A fire giant zombie (D:15)
  A stone giant zombie (D:15)
  5 will-o-the-wisps
  A cyclops (D:13)
  2 moths of wrath
  Joseph (D:10)
  An ice statue (D:15)
  2 rust devils (Orc:2)
  A fire giant skeleton (D:15)
  5 black mambas
  An elephant (Lair:4)
  6 torpor snails
  A smoke demon (Orc:2)
  3 vault sentinels
  A gargoyle (D:10)
  3 orange demons (Swamp:4)
  19 cane toads
  14 yaktaurs
  5 redback zombies (Spider:4)
  3 unseen horrors
  2 kobold demonologists
  6 ice devils (IceCv)
  7 komodo dragons
  3 spectral redbacks (Spider:4)
  3 freezing wraiths (IceCv)
  11 demonic crawlers
  2 golden dragon simulacra (IceCv)
  3 entropy weaver simulacra (IceCv)
  3 hellwings
  2 anaconda simulacra (IceCv)
  10 trolls
  3 meliai (Lair:5)
  5 polar bears
  3 bloated husks
  33 jumping spiders
  A merfolk (D:12)
  A queen bee (Lair:5)
  2 spectral jumping spiders (Spider:4)
  A polar bear (shapeshifter) (D:14)
  6 tyrant leeches
  5 spectral tarantellas (Spider:4)
  29 hornets
  23 slime creatures
  5 dream sheep
  17 blink frogs
  A meliai zombie (D:11)
  A shadow (D:10)
  73 redbacks
  2 vampires (D:12)
  A ynoxinul (Orc:2)
  6 wyverns
  47 yaks
  9 spriggan simulacra (IceCv)
  A wraith (D:14)
  30 tarantellas
  A steam dragon (D:8)
  6 vampire mosquitoes (D:11)
  3 basilisks
  5 minotaur simulacra (IceCv)
  2 chaos spawn
  A tengu zombie (D:15)
  4 harpy simulacra
  3 wargs
  16 swamp worms
  2 hydra simulacra (IceCv)
  5 water moccasins
  An acid dragon (D:13)
  2 spectral hornets (Spider:4)
  An ice beast (D:7)
  2 hornet zombies
  10 black bears
  A black bear (shapeshifter) (D:15)
  36 orc warriors
  3 alligator simulacra (IceCv)
  12 ogres
  9 boggarts
  7 necrophages
  12 centaurs
  21 wolves
  10 bullfrogs
  8 deep troll simulacra (IceCv)
  2 water moccasin zombies (D:5)
  A wyvern zombie (D:8)
  A water moccasin skeleton (D:5)
  32 killer bees
  4 electric eels (D:9)
  2 howler monkeys (D:10)
  2 bullfrog zombies (D:6)
  A crimson imp (D:12)
  3 centaur zombies
  2 bullfrog skeletons
  A centaur skeleton (D:5)
  Crazy Yiuf (D:4)
  6 hounds
  24 orc priests
  A gnoll shaman (D:5)
  2 jellies (Lair:1)
  Jessica (D:2)
  2 iguanas
  28 orc wizards
  2 polar bear simulacra (D:9)
  4 yak simulacra (D:9)
  2 wolf simulacra (D:9)
  A hound skeleton (D:4)
  A howler monkey zombie (D:7)
  5 gnolls (D:5)
  13 adders
  4 river rats (Sewer)
  A shadow imp (D:6)
  A white imp (D:5)
  An ufetubus (D:6)
  An adder skeleton (D:4)
  4 dart slugs
  70 orcs
  16 endoplasms
  6 giant cockroaches
  14 goblins
  8 hobgoblins
  7 jackals (D:3)
  8 quokkas
  8 ball pythons
  6 bats
  11 frilled lizards
  8 kobolds
  18 rats
  3 river rat simulacra (D:9)
  A bush (Lair:4)
  3 butterflies (Lair:3)
1336 creatures vanquished.

Vanquished Creatures (collateral kills)
  Mara (Spider:4)
  A yaktaur captain (Vaults:1)
  An orb spider (Spider:2)
  A wolf spider (Spider:4)
  A yaktaur (Vaults:1)
  3 jumping spiders
  6 redbacks
  A water moccasin (Lair:6)
  A wolf (Lair:6)
  A foxfire (D:3)
17 creatures vanquished.

Vanquished Creatures (others)
  A ghost crab (Swamp:3)
  A spriggan druid (Swamp:3)
  A wizard (Swamp:4)
  An orb spider (Spider:1)
  2 redbacks (Spider:1)
  An ogre (D:5)
  An iguana (D:5)
  2 orcs
  3 ball lightnings (Vaults:1)
  712 foxfires
  52 fungi
  53 plants
  8 withered plants
838 creatures vanquished.

Grand Total: 2191 creatures vanquished

Notes
Turn   | Place    | Note
-------+----------+-------------------------------------------
     0 | D:1      | Kagerou the Djinni Fire Elementalist began the quest for
                  | the Orb.
     0 | D:1      | Reached XP level 1. HP: 15/15 MP: 0/0
   396 | D:1      | Reached XP level 2. HP: 18/22 MP: 0/0
   814 | D:1      | Reached skill level 1 in Fighting
  1057 | D:1      | Reached XP level 3. HP: 22/27 MP: 0/0
  1057 | D:1      | Learned a level 1 spell: Pain
  1058 | D:1      | Reached skill level 3 in Spellcasting
  1678 | D:1      | Found Zamaonou's Antique Weapon Shop.
  2040 | D:1      | Found a faded altar of an unknown god.
  2298 | D:2      | Reached XP level 4. HP: 24/32 MP: 0/0
  3005 | D:2      | Reached skill level 2 in Fighting
  3121 | D:2      | Reached XP level 5. HP: 22/38 MP: 0/0
  3121 | D:2      | Learned a level 2 spell: Static Discharge
  3259 | D:2      | Noticed Jessica
  3272 | D:2      | Killed Jessica
  3611 | D:3      | Reached skill level 4 in Spellcasting
  3776 | D:3      | Found a glowing drain.
  3793 | Sewer    | Entered a sewer
  3887 | Sewer    | Reached XP level 6. HP: 39/45 MP: 0/0
  4140 | Sewer    | Reached skill level 3 in Fighting
  4788 | D:3      | Found Dehononn's Book Boutique.
  5193 | D:3      | Noticed a black bear
  5198 | D:3      | Killed a black bear
  5199 | D:3      | Reached skill level 5 in Spellcasting
  5199 | D:3      | Reached XP level 7. HP: 39/50 MP: 0/0
  5199 | D:3      | Learned a level 3 spell: Lesser Beckoning
  5280 | D:3      | Found a hide-covered altar of Uskayaw.
  5682 | D:4      | Found Pusinn's Antique Armour Boutique.
  6171 | D:4      | Found an iron altar of Okawaru.
  6469 | D:4      | Found a runed translucent door.
  6470 | D:4      | Noticed Crazy Yiuf
  6483 | D:4      | Killed Crazy Yiuf
  6484 | D:4      | Reached skill level 6 in Spellcasting
  6572 | D:5      | Entered Level 5 of the Dungeon
  6616 | D:5      | Found Efeshur's Weapon Shop.
  6689 | D:5      | Reached XP level 8. HP: 49/56 MP: 0/0
  6888 | D:5      | Noticed a hornet
  6894 | D:5      | Killed a hornet
  6895 | D:5      | Reached skill level 4 in Fighting
  6895 | D:5      | Reached skill level 7 in Spellcasting
  6963 | D:5      | Found a shimmering altar of Xom.
  6995 | D:5      | Identified the +8 whip "Earthworm" {flame, Dex+2}
  7592 | D:6      | Reached XP level 9. HP: 58/62 MP: 0/0
  7592 | D:6      | Learned a level 4 spell: Olgreb's Toxic Radiance
  7685 | D:6      | Reached skill level 2 in Stealth
  8001 | D:6      | Identified the +4 quarterstaff of Xysyron {flame, *Rage rN+
                  | rCorr MP+9}
  8053 | D:6      | Reached skill level 3 in Dodging
  8195 | D:6      | Found Plog's Magic Scroll Boutique.
  8205 | D:6      | Bought a scroll of fog for 24 gold pieces
  8205 | D:6      | Bought a scroll of teleportation for 36 gold pieces
  8205 | D:6      | Bought a scroll of fog for 24 gold pieces
  8205 | D:6      | Bought a scroll of identify for 24 gold pieces
  8205 | D:6      | Bought a scroll of identify for 24 gold pieces
  8205 | D:6      | Bought a scroll of identify for 24 gold pieces
  8205 | D:6      | Bought a scroll of identify for 24 gold pieces
  8205 | D:6      | Bought a scroll of identify for 24 gold pieces
  8243 | D:6      | Found a broken altar of Ashenzari.
  8459 | D:6      | Reached skill level 8 in Spellcasting
  9032 | D:7      | Found a staircase to the Ecumenical Temple.
  9039 | D:7      | Reached skill level 4 in Dodging
  9095 | Temple   | Entered the Ecumenical Temple
  9233 | Temple   | Became a worshipper of Makhleb the Destroyer
  9265 | D:7      | Found a sparkling altar of Nemelex Xobeh.
  9528 | D:7      | Reached skill level 1 in Evocations
 10053 | D:8      | Reached skill level 9 in Spellcasting
 10053 | D:8      | Reached skill level 2 in Evocations
 10446 | D:8      | Identified the +3 leather armour "Yneveny" {Will+}
 10534 | D:8      | Reached skill level 3 in Evocations
 10875 | D:8      | Noticed a manticore
 10878 | D:8      | Killed a manticore
 10879 | D:8      | Reached skill level 4 in Evocations
 10879 | D:8      | Reached XP level 10. HP: 29/67 MP: 0/0
 11078 | D:8      | Reached skill level 5 in Evocations
 11078 | D:8      | Reached skill level 1 in Shields
 11226 | D:9      | Reached skill level 2 in Shields
 11339 | D:9      | Reached skill level 3 in Shields
 11548 | D:8      | Reached skill level 5 in Fighting
 11548 | D:8      | Reached skill level 4 in Shields
 11823 | D:9      | Found a runed translucent gate.
 11837 | D:9      | Reached skill level 5 in Shields
 11899 | D:9      | Found a runed translucent gate.
 11899 | D:9      | Found a runed translucent gate.
 11899 | D:9      | Noticed Kaptain's ghost (journeyman SpEE)
 11900 | D:9      | Noticed MisterT's ghost (novice HOMo)
 11975 | D:9      | Reached * piety under Makhleb
 12043 | D:9      | Found a staircase to the Lair.
 12098 | D:9      | Found a snail-covered altar of Cheibriados.
 12124 | D:9      | Noticed Erolcha
 12154 | Lair:1   | Entered Level 1 of the Lair of Beasts
 12154 | Lair:1   | Noticed a four-headed hydra
 12154 | Lair:1   | Noticed a cane toad
 12174 | Lair:1   | Killed a four-headed hydra
 12175 | Lair:1   | Reached skill level 6 in Fighting
 12177 | Lair:1   | Killed a cane toad
 12178 | Lair:1   | Reached skill level 5 in Dodging
 12178 | Lair:1   | Reached XP level 11. HP: 41/78 MP: 0/0
 12178 | Lair:1   | Learned a level 5 spell: Lee's Rapid Deconstruction
 12413 | Lair:1   | Reached skill level 7 in Fighting
 12606 | Lair:1   | Reached skill level 8 in Fighting
 12606 | Lair:1   | Reached skill level 6 in Dodging
 12674 | Lair:1   | Noticed Harold
 12772 | Lair:1   | Found a runed translucent gate.
 12773 | Lair:1   | Found a runed translucent gate.
 12773 | Lair:1   | Found a runed translucent gate.
 12774 | Lair:1   | Noticed Kagerou's ghost (novice MfIE)
 12886 | Lair:1   | Reached skill level 6 in Evocations
 12986 | Lair:1   | Killed Harold
 12987 | Lair:1   | Reached skill level 7 in Evocations
 13184 | Lair:1   | Noticed a six-headed hydra
 13214 | Lair:1   | Killed a six-headed hydra
 13615 | Lair:1   | Found a viscous altar of Jiyva.
 13649 | Lair:2   | Reached skill level 8 in Evocations
 14063 | Lair:2   | Found a hole to the Spider Nest.
 14063 | Lair:2   | Noticed a wolf spider
 14069 | Lair:2   | Killed a wolf spider
 14070 | Lair:2   | Reached XP level 12. HP: 74/86 MP: 0/0
 14134 | Lair:2   | Reached skill level 10 in Spellcasting
 15382 | Lair:3   | Noticed Snorg
 15413 | Lair:3   | Killed Snorg
 15414 | Lair:3   | Reached skill level 11 in Spellcasting
 15967 | Lair:3   | Reached skill level 3 in Stealth
 15988 | Lair:3   | Noticed a four-headed hydra
 15989 | Lair:3   | Reached ** piety under Makhleb
 15993 | Lair:3   | Killed a four-headed hydra
 16407 | Lair:3   | Reached skill level 4 in Stealth
 16419 | Lair:3   | Noticed an eight-headed hydra
 16422 | Lair:3   | Killed an eight-headed hydra
 16678 | Lair:3   | Reached XP level 13. HP: 88/93 MP: 0/0
 16678 | Lair:3   | Learned a level 5 spell: Lightning Bolt
 16908 | Lair:3   | Identified the -3 cloak "Mah Tum" {Fly rElec Slay-2}
 16977 | Lair:3   | Noticed an eight-headed hydra
 16983 | Lair:3   | Killed an eight-headed hydra
 16984 | Lair:3   | Reached skill level 5 in Stealth
 17023 | Lair:3   | Found a staircase to the Swamp.
 17210 | Lair:3   | Noticed a six-headed hydra
 17217 | Lair:3   | Killed a six-headed hydra
 17218 | Lair:3   | Reached skill level 9 in Fighting
 17455 | Lair:4   | Reached skill level 12 in Spellcasting
 17730 | Lair:4   | Reached skill level 10 in Fighting
 17780 | Lair:4   | Reached *** piety under Makhleb
 18345 | Lair:4   | Noticed an eight-headed hydra
 18354 | Lair:4   | Killed an eight-headed hydra
 18355 | Lair:4   | Reached skill level 7 in Dodging
 19645 | Lair:5   | Noticed a four-headed hydra
 19690 | Lair:5   | Killed a four-headed hydra
 19691 | Lair:5   | Reached skill level 8 in Dodging
 19708 | Lair:5   | Noticed a four-headed hydra
 19717 | Lair:5   | Killed a four-headed hydra
 20268 | Lair:5   | Noticed a boulder beetle
 20283 | Lair:5   | Killed a boulder beetle
 20317 | Lair:5   | Noticed a five-headed hydra
 20328 | Lair:5   | Killed a five-headed hydra
 20496 | Lair:5   | Reached XP level 14. HP: 97/103 MP: 0/0
 20544 | Lair:5   | Reached skill level 9 in Dodging
 20568 | Lair:5   | Reached **** piety under Makhleb
 20576 | Lair:5   | Reached skill level 11 in Fighting
 20919 | Lair:6   | Entered Level 6 of the Lair of Beasts
 21246 | Lair:6   | Reached skill level 10 in Dodging
 21633 | Lair:6   | Found a staircase to the Slime Pits.
 21672 | Lair:6   | Reached skill level 12 in Fighting
 23514 | Lair:6   | Reached ***** piety under Makhleb
 24612 | D:9      | Identified the +3 scimitar of Virtue {vorpal, rElec}
 24669 | D:9      | Reached skill level 13 in Fighting
 24990 | D:9      | Killed Kaptain's ghost
 24992 | D:9      | Killed MisterT's ghost
 24993 | D:9      | Reached XP level 15. HP: 81/114 MP: 0/0
 24993 | D:9      | Learned a level 6 spell: Starburst
 25348 | D:9      | Killed Erolcha
 25406 | D:9      | Found a snail-covered altar of Cheibriados.
 25423 | D:9      | Found a staircase to the Lair.
 25669 | D:10     | Entered Level 10 of the Dungeon
 25978 | D:10     | Noticed Joseph
 26001 | D:10     | Killed Joseph
 26286 | D:10     | Found a shadowy altar of Dithmenos.
 26702 | D:10     | Found a white marble altar of Elyvilon.
 26702 | D:10     | Found an ornate altar of the Wu Jian Council.
 27304 | D:11     | Reached skill level 13 in Spellcasting
 27413 | D:11     | Found a staircase to the Orcish Mines.
 28784 | D:12     | Reached skill level 14 in Fighting
 29073 | Orc:1    | Entered Level 1 of the Orcish Mines
 29724 | Orc:2    | Entered Level 2 of the Orcish Mines
 29966 | Orc:2    | Reached ****** piety under Makhleb
 31123 | Orc:2    | Found Peca Suf's Magic Scroll Shop.
 31371 | Orc:2    | Found Tiuti's Distillery.
 31540 | Orc:2    | Bought 2 scrolls of teleportation for 60 gold pieces
 31540 | Orc:2    | Bought a scroll of teleportation for 30 gold pieces
 31540 | Orc:2    | Bought 3 scrolls of identify for 60 gold pieces
 31550 | Orc:2    | Bought a potion of haste for 160 gold pieces
 31550 | Orc:2    | Bought 2 potions of haste for 320 gold pieces
 31550 | Orc:2    | Bought a potion of invisibility for 128 gold pieces
 31550 | Orc:2    | Bought a potion of invisibility for 128 gold pieces
 31550 | Orc:2    | Bought a potion of brilliance for 64 gold pieces
 31550 | Orc:2    | Bought a potion of brilliance for 64 gold pieces
 31550 | Orc:2    | Bought a potion of brilliance for 64 gold pieces
 31925 | Orc:2    | Reached XP level 16. HP: 109/124 MP: 0/0
 32478 | Orc:2    | Reached skill level 15 in Fighting
 32494 | Orc:2    | Reached skill level 14 in Spellcasting
 32553 | Orc:2    | Found Ikhligura's Jewellery Emporium.
 32553 | Orc:2    | Found Gochem's Antique Weapon Shoppe.
 32554 | Orc:2    | Found a one-way gate leading to the halls of Pandemonium.
 32556 | Orc:2    | Bought the ring "Ilehan" {rC+ rN++ Int+4} for 865 gold
                  | pieces
 32600 | Orc:2    | Found a staircase to the Elven Halls.
 34078 | D:13     | Found a glowing silver altar of Zin.
 35493 | D:14     | Noticed Roxanne
 35672 | D:14     | Reached skill level 15 in Spellcasting
 35930 | D:14     | Identified the +1 leather armour of the Burning Turtle
                  | {Dex+4}
 35934 | D:14     | Found a gate to the Vaults.
 36006 | D:14     | Found a portal to a secret trove of treasure.
 36244 | D:15     | Entered Level 15 of the Dungeon
 36552 | D:15     | Found a staircase to the Depths.
 36885 | D:15     | Found a frozen archway.
 36895 | IceCv    | Entered an ice cave
 37142 | IceCv    | Reached XP level 17. HP: 109/133 MP: 0/0
 37142 | IceCv    | Learned a level 6 spell: Conjure Ball Lightning
 37355 | IceCv    | Reached skill level 16 in Fighting
 38814 | Swamp:1  | Entered Level 1 of the Swamp
 38824 | Swamp:1  | Reached skill level 11 in Dodging
 39817 | Swamp:2  | Reached skill level 12 in Dodging
 40063 | Swamp:2  | Reached skill level 17 in Fighting
 40595 | Swamp:3  | Noticed a thorn hunter
 40600 | Swamp:3  | Killed a thorn hunter
 40601 | Swamp:3  | Reached skill level 6 in Stealth
 40619 | Swamp:3  | Reached XP level 18. HP: 107/143 MP: 0/0
 40695 | Swamp:3  | Noticed Donald
 40711 | Swamp:3  | Killed Donald
 40766 | Swamp:3  | Reached skill level 7 in Stealth
 41424 | Swamp:4  | Entered Level 4 of the Swamp
 41722 | Swamp:4  | Noticed a tentacled monstrosity
 41745 | Swamp:4  | Killed a tentacled monstrosity
 41823 | Swamp:4  | Reached skill level 8 in Stealth
 42105 | Swamp:4  | Reached skill level 18 in Fighting
 42215 | Swamp:4  | Noticed a tentacled monstrosity
 42363 | Swamp:4  | Reached skill level 9 in Stealth
 42419 | Swamp:4  | Killed a tentacled monstrosity
 42532 | Swamp:4  | Identified the +12 long sword "Gussid" {protect, rPois
                  | Stlth+}
 42620 | Swamp:4  | Got a decaying rune of Zot
 43022 | Swamp:4  | Reached XP level 19. HP: 124/151 MP: 0/0
 43022 | Swamp:4  | Learned a level 7 spell: Summon Hydra
 43071 | Swamp:4  | Reached skill level 10 in Stealth
 43779 | Lair:1   | Killed Kagerou's ghost
 44102 | D:4      | Bought a shiny helmet for 247 gold pieces
 44293 | Orc:2    | Bought an amulet of reflection for 510 gold pieces
 44468 | Spider:1 | Entered Level 1 of the Spider Nest
 44502 | Spider:1 | Noticed Aizul
 45105 | Spider:1 | Reached skill level 19 in Fighting
 45329 | Spider:1 | Found a runed translucent gate.
 45329 | Spider:1 | Found a runed translucent gate.
 45329 | Spider:1 | Found a runed translucent gate.
 45333 | Spider:1 | Noticed Qiriluif's ghost (adept KoBe)
 45832 | Spider:2 | Killed Aizul
 49336 | Spider:4 | Entered Level 4 of the Spider Nest
 49336 | Spider:4 | Noticed Mara
 49988 | Spider:4 | Noticed Kagerou's illusion
 49991 | Spider:4 | Reached skill level 20 in Fighting
 50367 | Spider:4 | Noticed Kagerou's illusion
 50469 | Spider:4 | Killed Mara
 50470 | Spider:4 | Reached XP level 20. HP: 117/162 MP: 0/0
 50658 | Spider:4 | Noticed Arachne
 50675 | Spider:4 | Killed Arachne
 52072 | Spider:4 | Reached skill level 16 in Spellcasting
 52290 | Spider:4 | Got a gossamer rune of Zot
 52643 | Vaults:1 | Entered Level 1 of the Vaults
 52643 | Vaults:1 | Noticed Asterion
 52645 | Vaults:1 | Killed Asterion
 52646 | Vaults:1 | Reached skill level 21 in Fighting
 52662 | Vaults:1 | Noticed Saint Roka
 54341 | D:14     | Found a gate to the Vaults.
 54734 | D:14     | Found a portal to a secret trove of treasure.
 55733 | Vaults:1 | Reached skill level 6 in Shields
 55940 | Vaults:1 | Reached skill level 7 in Shields
 56232 | Vaults:1 | Reached XP level 21. HP: 154/171 MP: 0/0
 56232 | Vaults:1 | Learned a level 8 spell: Discord
 56348 | Vaults:1 | Found Folopero's Magic Scroll Shoppe.
 56356 | Vaults:1 | Bought a scroll of fog for 38 gold pieces
 56356 | Vaults:1 | Bought a scroll of fog for 38 gold pieces
 56356 | Vaults:1 | Bought a scroll of fog for 38 gold pieces
 56356 | Vaults:1 | Bought a scroll of magic mapping for 66 gold pieces
 56356 | Vaults:1 | Bought a scroll of summoning for 180 gold pieces
 56382 | Vaults:1 | Reached skill level 8 in Shields
 56407 | Vaults:1 | Reached skill level 9 in Shields
 57232 | Vaults:1 | Reached skill level 10 in Shields
 57426 | Vaults:2 | Noticed Sojobo
 57920 | Vaults:2 | Reached skill level 11 in Shields
 58598 | Vaults:2 | Paralysed by an air elemental for 1 turns
 58936 | Vaults:1 | Killed Sojobo
 58937 | Vaults:1 | Reached skill level 12 in Shields
 59692 | Vaults:2 | Reached skill level 13 in Shields
 59905 | Vaults:2 | Killed from afar by an ironbound thunderhulk

Illustrated notes

Levels and vault maps discovered:
D:1:      grunt_arrival_crossed_arrows, layout_loops_ring, serial_shops,
          nicolae_shop_window_shopping, hellmonk_ecumenical_altar_prayer_group,
          minmay_misc_feat_diagonals
D:2:      layout_loops_corners, serial_glass, glass_columns_c, glass_columns_a,
          glass_columns_a, glass_columns_b, glass_columns_a, feat_on_display,
          feat_on_display, item_on_display_a, item_on_display_a, hex_tiny,
          uniq_jessica
D:3:      layout_basic, nicolae_uskayaw_murder_on_the_dancefloor, serial_shops,
          nicolae_shop_behind_doors, portal_sewer_entry_f, serial_glass,
          glass_columns_c, glass_columns_a, glass_columns_b, glass_columns_a,
          glass_columns_c, glass_columns_a, glass_columns_a, glass_columns_c,
          minmay_diced_spiral
D:4:      layout_rooms, mainiacjoe_overflow_cross_hatched, serial_shops, shop,
          uniq_crazy_yiuf_cottage
D:5:      layout_basic, xom_confusion_cloud, nicolae_sif_muna_little_library,
          serial_shops, shop
D:6:      layout_layer_cave, lemuel_round_altar, serial_shops,
          nicolae_shop_statue_plus, minmay_microvault
D:7:      layout_loops_ring, mainiacjoe_overflow_surrounded_room,
          minmay_temple_entry_butterflies, kennysheep_generic_room_8
D:8:      layout_basic, dk_noncrumbling_4, nrook_mini_backslash
D:9:      layout_gridville, lemuel_crystal_altar, erik_lair_island,
          gammafunk_ghost_cemetery, eino_house_with_fridge, uniq_erolcha
D:10:     layout_loops_ring, old_standard_altar,
          gammafunk_temple_overflow_statue, wad_floor_pattern_untrapped,
          uniq_joseph
D:11:     layout_roguey, orc_0_dummy
D:12:     layout_roguey, hangedman_stone_soup
D:13:     layout_small_grid, drop_trap, zin_academy
D:14:     layout_small_grid, erik_vaults_1, enter_trove_5,
          minmay_misc_feat_roman, uniq_roxanne
D:15:     gammafunk_depths_entry_grave, layout_basic, serial_park_tiny_2,
          portal_ice_cave_entry_ice_statue_one
Temple:   minmay_temple_bridge_abc
Lair:1:   layout_loops_ring, gammafunk_ghost_ooze, serial_bayou_shore_b,
          grunt_megastairs_1, uniq_harold
Lair:2:   layout_regular_city, spider_nest_entry_funnel_web,
          infiniplex_staircase_pool_2, grunt_megastairs_4, lemuel_fruit_fields
Lair:3:   layout_hall_layers, palyth_hydra_swamp_entry,
          nicolae_quartered_pool_super, lemuel_fruit_fields, uniq_snorg
Lair:4:   layout_layer_cave, beast_lair_carwin_7, minmay_lair_oklob_chamber
Lair:5:   layout_long_grid, special_room [special_room_bee]
Lair:6:   minmay_lair_end_enchanted_forest, layout_loops_ring, slime_dummy,
          grunt_megastairs_3, lemuel_fruit_fields, serial_bayou_shore_b
Swamp:1:  layout_basic_swamp, evilmike_swamp_ruin_rubble_1
Swamp:2:  layout_basic_swamp, evilmike_swamp_ruin_house_2
Swamp:3:  layout_basic_swamp, hangedman_swamp_ruin_wall, uniq_donald
Swamp:4:  nzn_swamp_witches_coven, layout_basic_swamp
Spider:1: layout_spider_delve, special_room, gammafunk_ghost_tricky_traps,
          hangedman_spider_tarantella_strand, uniq_aizul
Spider:2: layout_chambers
Spider:3: layout_chambers
Spider:4: floodkiller_spider_rune_tomb, special_room,
          nicolae_spider_checkerboard, uniq_arachne, uniq_mara
Orc:1:    layout_diamond_mine, basic_altar, mines4_lemuel
Orc:2:    pf_orc_diabolical, layout_diamond_mine
Vaults:1: st_cross, hangedman_vaults_river_flow, v_misc_33,
          hangedman_vaults_nails, v_alt_pattern_2,
          nicolae_vaults_yaktaur_gun_rack, v_pattern_2, vaults_dpeg_hooks,
          grunt_vaults_hallway_short, layout_vaults_quadrants, serial_shops,
          nicolae_shop_trees, uniq_saint_roka, uniq_asterion
Vaults:2: v_alt_pattern_5, vaults_room_boxed, nicolae_vaults_arrows,
          nicolae_vaults_big_ls, v_misc_10, nicolae_vaults_border_crossing,
          ontoclasm_vaults_gateway, vaults_room_door_ring,
          layout_vaults_chaotic_city, uniq_sojobo

Skill      XL: |  1  2  3  4  5  6  7  8  9 10 11 12 13 14 15 16 17 18 19 20 21 |
---------------+----------------------------------------------------------------+-----
Fighting       | 1 2 3 4 6 8 10 13 14 15 17 18 20 21 | 21.1
Spellcasting   | 3 4 5 6 7 9 11 12 13 15 16 | 16.0
Stealth        | 2 4 5 6 9 10 | 10.0
Dodging        | 4 5 6 8 10 12 | 12.0
Evocations     | 4 5 8 |  8.0
Shields        | 5 7 13 | 13.4

Action                   |  1- 3 |  4- 6 |  7- 9 | 10-12 | 13-15 | 16-18 | 19-21 || total
-------------------------+-------+-------+-------+-------+-------+-------+-------++-------
Melee: Dagger            |    34 |    34 |     6 |       |       |       |       ||    74
       Short sword       |       |    11 |       |       |       |       |       ||    11
       Hand axe          |       |    10 |       |       |       |       |       ||    10
       Staff             |       |       |     6 |     2 |     6 |     5 |     1 ||    20
       Demon trident     |       |       |    13 |       |       |       |       ||    13
 Cast: Foxfire           |    85 |   139 |   190 |    16 |    32 |       |       ||   462
       Sticky Flame      |       |       |    11 |    18 |    57 |     9 |    18 ||   113
       Conjure Flame     |       |       |     2 |       |       |       |       ||     2
       Fireball          |       |       |    10 |    73 |   280 |   233 |   135 ||   731
       Olgreb's Toxic Ra |       |       |     3 |     3 |    15 |     2 |    22 ||    45
       Lee's Rapid Decon |       |       |       |    30 |   120 |    84 |     7 ||   241
       Starburst         |       |       |       |       |    36 |   149 |   368 ||   553
       Lightning Bolt    |       |       |       |       |       |     4 |     9 ||    13
       Summon Hydra      |       |       |       |       |       |       |    32 ||    32
       Conjure Ball Ligh |       |       |       |       |       |       |     2 ||     2
       Discord           |       |       |       |       |       |       |     1 ||     1
Evoke: Wand              |       |       |       |     2 |     2 |     1 |    10 ||    15
       Phantom mirror    |       |       |       |       |       |       |     2 ||     2
  Use: Scroll            |     3 |     4 |     9 |     7 |     8 |     3 |     8 ||    42
       Potion            |       |       |       |       |       |     1 |    10 ||    11
 Stab: Sleeping          |     2 |     4 |       |       |       |       |       ||     6
Armor: Robe              |    17 |    17 |     7 |       |       |       |       ||    41
       Leather armour    |       |       |       |    16 |    33 |    20 |    77 ||   146
Dodge: Dodged            |    35 |    34 |    21 |    26 |    72 |    44 |   114 ||   346
Block: Buckler           |       |       |       |     6 |    27 |    20 |    89 ||   142
       Reflection        |       |       |       |       |       |       |    13 ||    13
       Kite shield       |       |       |       |       |       |       |    27 ||    27
